Match 45387977
Unlisted

Match 45387977
End
Kettenkrad Recon Vehicle
Construct Infanterie Kompanie
Selects Luftwaffe Battlegroup
Selects Luftwaffe Battlegroup
Selects Luftwaffe Battlegroup
Selects Luftwaffe Pioneer Support
Grenadier Squad
Fallschirmpioneer Squad Paradrop
Grenadier Squad
Construct Panzergrenadier Kompanie
Selects Reconnaissance Run
Selects Fallschirmjäger Squad Paradrop
Fallschirmjäger Squad Paradrop
Pak 40 Anti-tank Gun Team
Panzergrenadier Officer Quarters
MG 42 Machine Gun Team
StephennJF
Nico-Nico-Nii~~
0
0

Comments sign in to comment!

No comments posted yet!